 Dungeon Crawl Stone Soup version 0.21.1-1-g345015f (webtiles) character file.

44620 Hedron the Frost Mage (level 14, 104/104 HPs)
             Began as a Merfolk Ice Elementalist on Jan 9, 2018.
             Was a High Priest of Sif Muna.
             Quit the game on level 2 of the Lair of Beasts on June 22, 2018.
             The game lasted 02:19:29 (28100 turns).

Hedron the Frost Mage (Merfolk Ice Elementalist)   Turns: 28100, Time: 02:19:29

Health: 104/104    AC: 11    Str:  9    XL:     14   Next: 29%
Magic:  37/37      EV: 20    Int: 19    God:    Sif Muna [*****.]
Gold:   700        SH:  2    Dex: 14    Spells: 14/33 levels left

rFire    x . .     SeeInvis +   P - +1 demon trident (elec)
rCold    + . .     Gourm    .   (no shield)
rNeg     . . .     Faith    .   a - +1 robe
rPois    .         Spirit   .   E - +2 hat of the Ecumenical Temple {SInv}
rElec    .         Reflect  +   h - +2 cloak
rCorr    .         Harm     .   p - +2 pair of gloves
MR       +....                  (no boots)
Stlth    ++........             H - +2 amulet of reflection
HPRegen  0.27/turn              i - ring of magical power
MPRegen  0.25/turn              I - ring of ice

@: divine energy
A: change form in water, swift swim, stealthy swim
a: Stop Divine Energy, Channel Magic, Forget Spell, Renounce Religion


You were on level 2 of the Lair of Beasts.
You worshipped Sif Muna.
Sif Muna was extremely pleased with you.
You were not hungry.

You visited 3 branches of the dungeon, and saw 17 of its levels.

You collected 982 gold pieces.
You spent 282 gold pieces at shops.

Inventory:

Hand Weapons
 P - a +1 demon trident of electrocution (weapon)
Missiles
 e - 582 stones (quivered)
Armour
 a - a +1 robe (worn)
 h - a +2 cloak (worn)
 p - a +2 pair of gloves (worn)
 E - the +2 hat of the Ecumenical Temple (worn) {SInv}
   (You acquired it on level 5 of the Lair of Beasts)

   It lets you see invisible.
Magical Staves
 f - an uncursed staff of cold
Jewellery
 i - a ring of magical power (left hand)
 r - an uncursed ring of protection from magic
 G - an uncursed ring of flight
 H - a +2 amulet of reflection (around neck)
 I - a ring of ice (right hand)
 N - an uncursed ring of wizardry
 Y - an uncursed ring of protection from fire
Wands
 B - a wand of iceblast (18)
 D - a wand of polymorph (13)
 K - a wand of scattershot (10)
 M - a wand of digging (14)
 T - a wand of paralysis (16)
Scrolls
 k - 9 scrolls of teleportation
 y - 3 scrolls of fog
 A - 4 scrolls of remove curse
Potions
 d - 2 potions of cancellation
 g - 2 potions of ambrosia
 j - 4 potions of brilliance
 o - a potion of agility
 s - a potion of heal wounds
 t - 2 potions of flight
 x - 3 potions of mutation
 z - a potion of magic
 C - 4 potions of haste
 R - 3 potions of curing
 U - a potion of might {unknown}
 Z - a potion of berserk rage {unknown}
Books
 l - Sif Muna's Compendium of Aerial Execration
   (Sif Muna gifted it to you on level 5 of the Lair of Beasts)

   Spells                             Type                      Level
   a - Mephitic Cloud                 Conjuration/Poison/Air       3
   b - Inner Flame                    Hexes/Fire                   3
   c - Cause Fear                     Hexes                        4
   d - Metabolic Englaciation         Hexes/Ice                    5
   e - Freezing Cloud                 Conjuration/Ice/Air          6
 n - Sif Muna's Incunabulum of Dislocated Changing
   (Sif Muna gifted it to you on level 4 of the Lair of Beasts)

   Spells                             Type                      Level
   a - Shroud of Golubria             Charms/Translocation         2
   b - Ignite Poison                  Fire/Transmutation/Poison    3
   c - Gell's Gravitas                Translocation                3
   d - Summon Forest                  Summoning/Translocation      5
   e - Disjunction                    Translocation                8
Miscellaneous
 L - a lamp of fire
 X - a lightning rod (4/4)
Comestibles
 c - 22 rations


   Skills:
 - Level 7.6 Fighting
 - Level 10.3 Polearms
 - Level 12.0 Dodging
 - Level 2.1 Stealth
 - Level 10.0 Spellcasting
 - Level 5.8 Conjurations
 - Level 6.6 Charms
 - Level 6.6 Summonings
 - Level 5.0 Translocations
 - Level 12.1 Ice Magic
 + Level 3.0 Air Magic
 - Level 4.1 Poison Magic


You had 14 spell levels left.
You knew the following spells:

 Your Spells              Type           Power        Failure   Level  Hunger
a - Freeze                Ice            ####         1%          1    None
b - Throw Frost           Conj/Ice       ######       1%          2    None
c - Ozocubu's Armour      Chrm/Ice       ######..     1%          3    None
d - Throw Icicle          Conj/Ice       ######..     1%          4    ##.....
e - Summon Ice Beast      Ice/Summ       ######..     1%          4    ##.....
f - Shroud of Golubria    Chrm/Tloc      ####......   1%          2    None
g - Mephitic Cloud        Conj/Pois/Air  ####....     3%          3    None


Dungeon Overview and Level Annotations

Branches:
Dungeon (10/15)            Temple (1/1) D:6            Lair (6/6) D:10
  Swamp (0/4) Lair:4        Snake (0/4) Lair:3        Slime (0/5) Lair:5
    Orc (0/2) D:9

Altars:
Ashenzari
Cheibriados
Dithmenos
Elyvilon
Fedhas
Gozag
Hepliaklqana
Kikubaaqudgha
Makhleb
Nemelex Xobeh
Okawaru
Qazlal
Ru
Sif Muna
Trog
Uskayaw
Vehumet
Wu Jian
Xom
Yredelemnul
Zin
The Shining One

Shops:
D:7 ?

Annotations:
Lair:6 exclusion: 4 oklob plants


Message History

Items here: :::::: [ || Drop what? 41/52 slots (_ for help) (? for menu, Esc to quit)
You drop Sif Muna's Reference Book on the Glacier and Displacement. l - Sif Muna's Compendium of Aerial Execration
Okay, then.
There is a stone staircase leading up here.
Items here: :::::: [ || n - Sif Muna's Incunabulum of Dislocated Changing
Okay, then.
There is a stone staircase leading up here.
Items here: ::::: [ || Drop what? 42/52 slots (_ for help) (? for menu, Esc to quit)
You drop 3 scrolls of amnesia.
You drop 3 scrolls of immolation.
You drop a potion of lignification.
Save game and exit?
Welcome back, Hedron the Merfolk Ice Elementalist.
Sif Muna whispers: I know many secrets...
Press ? for a list of commands and other information.
Are you sure you want to abandon this character and quit the game? (Confirm with "yes".)

##...........### #.#.#...###
#..............## ##........#.
#.........(.....###..........#
##..............###P...........
#..>...........P###P..........#
#...............##P...........#
##..............###...........#
#..............# ##.........##
#............@## ##.#..##.#.#
##...#.##.###.# ###########
####.##### ### ###


There were no monsters in sight!

Vanquished Creatures
  4 hydras
  A merfolk avatar (Lair:6)
  A catoblepas (Lair:4)
  2 death yaks
  Nergalle (D:10)
  A harpy (Lair:6)
  3 manticores
  6 elephants
  A torpor snail (Lair:6)
  7 spiny frogs
  2 black mambas
  5 rime drakes
  7 komodo dragons
  2 polar bears (Lair:6)
  A wind drake (Lair:6)
  A hornet (Lair:6)
  A troll (D:10)
  2 tyrant leeches (Lair:4)
  Grinder (D:6)
  3 hippogriffs
  5 blink frogs
  2 wyverns
  8 yaks
  A hungry ghost (D:7)
  9 water moccasins
  9 porcupines
  2 sky beasts
  A phantom (D:8)
  2 orc warriors (D:9)
  23 wolves
  A centaur (D:7)
  3 ogres
  10 crocodiles
  6 bullfrogs
  3 scorpions
  A howler monkey (D:7)
  2 electric eels (D:9)
  7 crimson imps
  7 orc priests
  9 jellies
  4 orc wizards
  5 hounds
  2 bullfrog skeletons
  2 iguanas
  Natasha (thrice) (D:4)
  4 worker ants
  A hound skeleton (D:7)
  9 adders
  2 oozes
  A worm (D:2)
  2 dart slugs
  6 leopard geckos
  27 orcs
  5 ball pythons
  8 giant cockroaches
  4 goblins
  2 hobgoblins
  10 jackals
  4 quokkas
  10 bats
  A frilled lizard (D:1)
  A jackal zombie (D:7)
  12 kobolds
  7 rats
295 creatures vanquished.

Vanquished Creatures (collateral kills)
  Snorg (Lair:6)
  5 hydras
  A catoblepas (Lair:4)
  2 two-headed ogres (D:9)
  4 death yaks
  Urug (D:10)
  2 sea snakes (Lair:6)
  An unseen horror (D:10)
  16 elephants
  2 black mambas
  3 spiny frogs
  2 rime drakes (Lair:6)
  3 komodo dragons (Lair:5)
  2 polar bears
  A tyrant leech (Lair:4)
  15 blink frogs
  4 dream sheep (Lair:4)
  3 hippogriffs
  A wyvern (Lair:6)
  20 yaks
  Grum (D:10)
  A steam dragon (Lair:4)
  9 water moccasins
  7 orc warriors
  4 porcupines (Lair:1)
  4 ice beasts
  A sky beast (D:10)
  3 phantoms
  A necrophage (D:8)
  2 ogres
  13 wolves
  3 centaurs
  4 crocodiles
  2 big kobolds
  4 bullfrogs
  A water moccasin skeleton (D:8)
  4 wights (D:7)
  3 howler monkeys (D:9)
  7 jellies
  A hound (D:8)
  A bullfrog skeleton (D:9)
  6 orc priests
  4 orc wizards (D:9)
  2 centaur skeletons
  4 worker ants
  2 hound zombies (D:8)
  2 hound skeletons
  2 adders
  11 orcs
  11 kobolds
  A quokka skeleton (D:7)
  A fungus (Lair:4)
211 creatures vanquished.

Vanquished Creatures (others)
  15 fungi
  14 plants (Lair:6)
29 creatures vanquished.

Grand Total: 535 creatures vanquished

Notes
Turn   | Place    | Note
-------+----------+-------------------------------------------
     0 | D:1      | Hedron the Merfolk Ice Elementalist began the quest for the Orb.
     0 | D:1      | Reached XP level 1. HP: 13/13 MP: 3/3
   176 | D:1      | Reached XP level 2. HP: 19/19 MP: 0/5
   233 | D:1      | Learned a level 2 spell: Throw Frost
  1278 | D:2      | Reached XP level 3. HP: 14/24 MP: 1/7
  1418 | D:2      | Learned a level 3 spell: Ozocubu's Armour
  2131 | D:2      | Reached XP level 4. HP: 30/30 MP: 8/8
  3135 | D:3      | Reached XP level 5. HP: 24/35 MP: 4/10
  3271 | D:3      | Found a shimmering altar of Xom.
  3429 | D:3      | Learned a level 4 spell: Throw Icicle
  3444 | D:4      | Noticed a phantom
  3713 | D:4      | Reached skill level 5 in Ice Magic
  4231 | D:4      | Reached XP level 6. HP: 26/41 MP: 10/12
  4435 | D:4      | Found a white marble altar of Elyvilon.
  4525 | D:4      | Noticed Natasha
  4527 | D:4      | Killed Natasha
  4690 | D:5      | Entered Level 5 of the Dungeon
  4719 | D:5      | Noticed an ice beast
  4777 | D:5      | Found a deep blue altar of Sif Muna.
  4992 | D:4      | Noticed Natasha
  4998 | D:4      | Killed Natasha
  4998 | D:4      | Reached XP level 7. HP: 46/46 MP: 12/14
  5068 | D:5      | Reached skill level 5 in Spellcasting
  5306 | D:5      | Found a glowing silver altar of Zin.
  5410 | D:5      | Became a worshipper of Sif Muna the Loreminder
  5612 | D:4      | Noticed Natasha
  5617 | D:4      | Killed Natasha
  5813 | D:6      | Learned a level 4 spell: Summon Ice Beast
  5843 | D:6      | Reached skill level 1 in Conjurations
  6054 | D:6      | Noticed Grinder
  6153 | D:6      | Found a staircase to the Ecumenical Temple.
  6158 | Temple   | Entered the Ecumenical Temple
  6390 | D:6      | Found a sparkling altar of Nemelex Xobeh.
  6693 | D:7      | Reached skill level 1 in Summonings
  6768 | D:7      | Noticed a hungry ghost
  6834 | D:7      | Reached XP level 8. HP: 48/52 MP: 11/16
  7107 | D:7      | Found a basalt altar of Yredelemnul.
  7117 | D:7      | Reached * piety under Sif Muna
  7266 | D:7      | Noticed a hippogriff
  7313 | D:7      | Found Hyusopt's Magic Scroll Boutique.
  7337 | D:7      | Bought 2 scrolls of fog for 48 gold pieces
  7337 | D:7      | Bought a scroll of identify for 24 gold pieces
  7337 | D:7      | Bought a scroll of remove curse for 36 gold pieces
  7337 | D:7      | Bought a scroll of teleportation for 36 gold pieces
  7337 | D:7      | Bought a scroll of identify for 24 gold pieces
  7337 | D:7      | Bought a scroll of identify for 24 gold pieces
  7845 | D:7      | Reached skill level 5 in Summonings
  8058 | D:7      | Killed a hippogriff
  8210 | D:7      | Found an iron altar of Okawaru.
  8351 | D:7      | Reached ** piety under Sif Muna
  8407 | D:6      | Killed Grinder
  8407 | D:6      | Reached XP level 9. HP: 57/57 MP: 9/17
  8760 | D:7      | Bought a scroll of enchant armour for 90 gold pieces
  9736 | D:8      | Found an ancient bone altar of Kikubaaqudgha.
 10771 | D:9      | Reached skill level 5 in Dodging
 11206 | D:9      | Reached *** piety under Sif Muna
 11393 | D:9      | Reached XP level 10. HP: 63/63 MP: 7/18
 11398 | D:9      | Found a staircase to the Orcish Mines.
 11870 | D:9      | Found a sacrificial altar of Ru.
 12250 | D:9      | Found a hide-covered altar of Uskayaw.
 12263 | D:9      | Noticed a two-headed ogre
 12279 | D:9      | Killed a two-headed ogre
 12279 | D:9      | Reached skill level 10 in Dodging
 13452 | D:9      | Noticed a two-headed ogre
 13462 | D:9      | Killed a two-headed ogre
 14014 | D:10     | Entered Level 10 of the Dungeon
 14130 | D:10     | Noticed Urug
 14234 | D:10     | Found a staircase to the Lair.
 14234 | D:10     | Noticed an elephant
 14245 | D:10     | Killed an elephant
 14407 | D:10     | Noticed Nergalle
 14612 | D:10     | Killed Nergalle
 14612 | D:10     | Reached skill level 5 in Fighting
 14704 | D:10     | Reached XP level 11. HP: 63/81 MP: 16/19
 15070 | D:10     | Killed an unseen horror
 15292 | D:10     | Killed Urug
 15419 | Lair:1   | Entered Level 1 of the Lair of Beasts
 15427 | Lair:1   | Reached skill level 1 in Polearms
 15435 | Lair:1   | Noticed Grum
 15819 | D:10     | Killed Grum
 15915 | Lair:1   | Reached skill level 5 in Polearms
 17132 | Lair:2   | Noticed a five-headed hydra
 17138 | Lair:2   | Killed a five-headed hydra
 17230 | Lair:2   | Noticed a seven-headed hydra
 17238 | Lair:2   | Killed a seven-headed hydra
 17238 | Lair:2   | Reached skill level 10 in Polearms
 17775 | Lair:2   | Reached **** piety under Sif Muna
 18037 | Lair:2   | Reached XP level 12. HP: 92/92 MP: 18/20
 18057 | Lair:2   | Reached skill level 10 in Ice Magic
 19323 | Lair:3   | Found a staircase to the Snake Pit.
 19805 | Lair:4   | Noticed a catoblepas
 19805 | Lair:4   | Noticed a catoblepas
 19881 | Lair:4   | Reached ***** piety under Sif Muna
 20305 | Lair:4   | Identified Sif Muna's Incunabulum of Dislocated Changing (Sif Muna gifted it to you on level 4 of the Lair of Beasts)
 20305 | Lair:4   | Received a gift from Sif Muna
 20335 | Lair:4   | Found a staircase to the Swamp.
 21045 | Lair:4   | Noticed a seven-headed hydra
 21053 | Lair:4   | Killed a seven-headed hydra
 21344 | Lair:4   | Killed a catoblepas
 21475 | Lair:4   | Killed a catoblepas
 22094 | Lair:5   | Reached XP level 13. HP: 83/98 MP: 12/26
 22302 | Lair:5   | Identified Sif Muna's Compendium of Aerial Execration (Sif Muna gifted it to you on level 5 of the Lair of Beasts)
 22302 | Lair:5   | Received a gift from Sif Muna
 22805 | Lair:5   | Reached skill level 10 in Spellcasting
 22930 | Lair:5   | Learned a level 2 spell: Shroud of Golubria
 22934 | Lair:5   | Learned a level 3 spell: Mephitic Cloud
 23020 | Lair:5   | Found a staircase to the Slime Pits.
 23036 | Lair:5   | Reached skill level 1 in Poison Magic
 23055 | Lair:5   | Reached skill level 5 in Conjurations
 23290 | Lair:5   | Identified 3 scrolls of acquirement
 23295 | Lair:5   | Got a transparent hat
 23306 | Lair:5   | Identified the +2 hat of the Ecumenical Temple {SInv} (You acquired it on level 5 of the Lair of Beasts)
 23307 | Lair:5   | Got a pair of smoking gloves
 23318 | Lair:5   | Identified the +0 pair of gloves "Yvuofuw" {Dex+3 SInv} (You acquired it on level 5 of the Lair of Beasts)
 24036 | Lair:6   | Entered Level 6 of the Lair of Beasts
 24668 | Lair:5   | Reached skill level 1 in Charms
 24669 | Lair:5   | Reached skill level 1 in Translocations
 26002 | Lair:6   | Reached skill level 5 in Charms
 26108 | Lair:6   | Identified Sif Muna's Reference Book on the Glacier and Displacement (Sif Muna gifted it to you on level 6 of the Lair of Beasts)
 26108 | Lair:6   | Received a gift from Sif Muna
 26108 | Lair:6   | Reached XP level 14. HP: 94/104 MP: 0/28
 26299 | Lair:6   | Noticed Snorg
 26314 | Lair:6   | Killed Snorg
 26815 | Lair:6   | Reached skill level 5 in Translocations
 27039 | Lair:6   | Reached skill level 1 in Air Magic
 28100 | Lair:2   | Upgraded the game from 0.21.0-3-g78d12a8 to 0.21.1-1-g345015f
 28100 | Lair:2   | Quit the game

Skill      XL: |  1  2  3  4  5  6  7  8  9 10 11 12 13 14 |
---------------+-------------------------------------------+-----
Ice Magic      | 4 5 6 7 8 9 12 | 12.1
Spellcasting   | 3 4 5 9 10 | 10.0
Conjurations   | 2 4 5 |  5.8
Summonings     | 2 6 |  6.6
Dodging        | 7 12 | 12.0
Fighting       | 5 7 |  7.6
Polearms       | 10 | 10.3
Poison Magic   | 4 |  4.1
Charms         | 5 6 |  6.6
Translocations | 4 5 |  5.0
Air Magic      | 3 |  3.0
Stealth        | |  2.1

Action                   |  1- 3 |  4- 6 |  7- 9 | 10-12 | 13-15 || total
-------------------------+-------+-------+-------+-------+-------++-------
Melee: Spear             |    30 |     6 |       |       |       ||    36
       Short sword       |       |    14 |    63 |    10 |       ||    87
       Demon trident     |       |       |       |    51 |    82 ||   133
       Dagger            |       |       |       |     7 |       ||     7
       Staff             |       |       |       |       |     2 ||     2
       Tailslap          |       |       |       |       |     1 ||     1
Throw: Stone             |     1 |     1 |     1 |     2 |       ||     5
 Cast: Freeze            |    41 |    55 |    85 |   260 |   177 ||   618
       Throw Frost       |       |    24 |    68 |    47 |       ||   139
       Ozocubu's Armour  |       |     3 |    26 |    54 |    36 ||   119
       Throw Icicle      |       |       |     1 |    71 |    79 ||   151
       Summon Ice Beast  |       |       |   102 |   125 |    67 ||   294
       Shroud of Golubri |       |       |       |       |    12 ||    12
       Mephitic Cloud    |       |       |       |       |     1 ||     1
Invok: Divine Energy     |       |       |       |     1 |       ||     1
Evoke: Wand              |       |       |     5 |     6 |     2 ||    13
  Use: Scroll            |     7 |     8 |    12 |     9 |     7 ||    43
       Potion            |       |     1 |       |     1 |     2 ||     4
 Stab: Sleeping          |     4 |     4 |     1 |       |       ||     9
       Distracted        |       |       |       |     1 |     1 ||     2
  Eat: Chunk             |     2 |     5 |    25 |    32 |    18 ||    82
       Ration            |     1 |     1 |     5 |    10 |     3 ||    20
Armor: Robe              |     9 |    12 |    80 |    89 |   174 ||   364
Dodge: Dodged            |    26 |    33 |   148 |   289 |   491 ||   987
Block: Other             |       |       |     4 |    26 |    42 ||    72
       Reflection        |       |       |     3 |       |       ||     3
